 Dungeon Crawl Stone Soup version 0.28-a0-429-g1448048969 (webtiles) character file.

Game seed: 11025140271361902694

58 porpoise the Conjurer (level 3, -1/19 HPs)
             Began as a Deep Elf Conjurer on Sept 11, 2021.
             Slain by a gnoll (10 damage)
             ... on level 2 of the Dungeon.
             The game lasted 00:05:09 (1522 turns).

porpoise the Conjurer (Deep Elf Conjurer)           Turns: 1522, Time: 00:05:10

Health: -1/19      AC:  3    Str:  4    XL:     3   Next: 76%
Magic:  3/11       EV: 12    Int: 23    God:
Gold:   40         SH:  0    Dex: 13    Spells: 9/12 levels left

rFire   . . .      SeeInvis .   a - +0 dagger
rCold   . . .      Faith    .   (no shield)
rNeg    . . .      Spirit   .   j - +0 robe
rPois   .          Reflect  .   (no helmet)
rElec   .          Harm     .   (no cloak)
rCorr   .          Rampage  .   (no gloves)
Will    .....                   h - +0 pair of boots
Stlth   ++........              (no amulet)
HPRegen 0.06/turn               (no ring)
MPRegen 0.12/turn               (no ring)

@: no status effects
A: no striking features
a: no special abilities


You were on level 2 of the Dungeon.
You visited 1 branch of the dungeon, and saw 2 of its levels.

You collected 40 gold pieces.

Inventory:

Hand Weapons
 a - a +0 dagger (weapon)
Missiles
 d - 38 stones
Armour
 h - a +0 pair of boots (worn)
 j - a +0 robe (worn)
Scrolls
 b - a scroll of fog {unknown}
 c - 3 scrolls of teleportation {unknown}
 e - a scroll of noise {unknown}
 g - a scroll of identify {unknown}
 i - a scroll of blinking {unknown}
Potions
 f - a potion of haste {unknown}
 k - 2 potions of brilliance {unknown}


   Skills:
 - Level 2.4 Dodging
 - Level 2.4 Stealth
 + Level 5.0 Spellcasting
 - Level 5.0 Conjurations


You had 9 spell levels left.
You knew the following spells:

 Your Spells              Type           Power      Damage    Failure   Level
a - Magic Dart            Conj           100%       1d8       1%          1
b - Searing Ray           Conj           56%        2d6       1%          2

Your spell library contained the following spells:

 Spells                   Type           Power      Damage    Failure   Level
 Dazzling Flash           Conj/Hex       34%        N/A       10%         3
 Passwall                 Tmut/Erth      4%         N/A       14%         2
 Swiftness                Air            5%         N/A       28%         3
 Fulminant Prism          Conj/Hex       8%         3d7       32%         4
 Iskenderun's Mystic Bla  Conj/Tloc      17%        2d5       32%         4
 Invisibility             Hex            2%         N/A       100%        6


Dungeon Overview and Level Annotations

Branches:
Dungeon (2/15)

Altars:


Message History

Casting: Magic Dart (safe; 1% risk of failure)
Confirm with . or Enter, or press ? or * to list all spells.
Aiming: Searing Ray (safe; 1% risk of failure)
Press: ? - help, Shift-Dir - straight line, f/p - gnoll
Aim: a gnoll, wielding a +0 halberd and quivering a throwing net (moderately wounded, 82% to hit)
The searing ray misses the gnoll. (Press . to maintain the ray.)
A gnoll comes into view. It is wielding a +0 halberd.
The searing ray hits the gnoll.
The gnoll is severely wounded.
The gnoll throws a throwing net.
The throwing net hits you.
You become entangled in the net!
The searing ray misses the gnoll.
The gnoll hits you from afar with a +0 halberd!
Ouch! That really hurt!
The searing ray hits the gnoll.
You kill the gnoll!
You finish channelling your searing ray.
Your Spellcasting skill increases to level 5!
You struggle against the net.
You struggle against the net.
You shred the net and break free!
Found a scroll labelled JOMUSO YLENOEMMA.
Casting: Searing Ray (safe; 1% risk of failure)
Confirm with . or Enter, or press ? or * to list all spells.
You don't know that spell.
Unknown command.
Unknown command.
Unknown command.
Casting: Searing Ray (safe; 1% risk of failure)
Confirm with . or Enter, or press ? or * to list all spells.
Aiming: Searing Ray (safe; 1% risk of failure)
Press: ? - help, Shift-Dir - straight line, f - gnoll
Aim: a gnoll, wielding a +0 halberd (82% to hit)
The searing ray hits the gnoll.
The gnoll is heavily wounded. (Press . to maintain the ray.)
The gnoll hits you from afar with a +0 halberd!
Ouch! That really hurt!
You die...

#.............. #
#.............. ###
#.............. ...##
####..............
##..##..................
.##..†.# #.............
....).#####...........?#
...##.......# #@#
.......###### #.#
####.....### #g#
####....## #.######
##.#..####g##...
#.##..##..##.####...
#...........†)....#
####....##.).######
......#.#..#g#..>


You could see 2 gnolls.

Vanquished Creatures
  2 gnolls (D:2)
  3 dart slugs (D:1)
  2 endoplasms
  2 giant cockroaches
  2 hobgoblins
  3 jackals (D:1)
  A quokka (D:1)
  A ball python (D:2)
  5 bats
  5 goblins
  A kobold (D:1)
  7 rats
34 creatures vanquished.

Notes
Turn   | Place    | Note
-------+----------+-------------------------------------------
     0 | D:1      | porpoise the Deep Elf Conjurer began the quest for the Orb.
     0 | D:1      | Reached XP level 1. HP: 10/10 MP: 6/6
    95 | D:1      | Found a faded altar of an unknown god.
   561 | D:1      | Reached XP level 2. HP: 15/15 MP: 4/8
   599 | D:1      | Learned a level 2 spell: Searing Ray
  1131 | D:1      | Reached skill level 5 in Conjurations
  1131 | D:1      | Reached XP level 3. HP: 19/19 MP: 4/10
  1514 | D:2      | Reached skill level 5 in Spellcasting
  1522 | D:2      | Slain by a gnoll

Illustrated notes

Levels and vault maps discovered:
D:1:      minmay_arrival_five_plusses, layout_loops_ring,
          hellmonk_ecumenical_altar_leap_of_faith
D:2:      layout_rooms, basic_altar, serial_shops, nicolae_lakefront_shop,
          feat_on_display

Skill      XL: |  1  2  3 |
---------------+----------+-----
Spellcasting   | 4 5 |  5.0
Conjurations   | 5 |  5.0
Dodging        | |  2.4
Stealth        | |  2.4

Action                   || total
-------------------------++-------
Melee: Unarmed           ||     1
 Cast: Magic Dart        ||    67
       Searing Ray       ||     2
Armor: Robe              ||     1

Table legend: (Time is in decaauts)
 A = Elapsed time spent in this place.
 B = Non-inter-level travel time spent in this place.
 C = Inter-level travel time spent in this place.
 D = Time resting spent in this place.
 E = Time spent auto-exploring this place.
 F = Levels seen in this place.
 G = Mean time per level.
                   A        B        C        D        E       F      G
               +--------+--------+--------+--------+--------+-----+--------+
         Total |   1521 |   1486 |     35 |    704 |    613 |   2 |  760.5 |
       Dungeon |   1521 |   1486 |     35 |    704 |    613 |   2 |  760.5 |
               +--------+--------+--------+--------+--------+-----+--------+

Top non-repeatable levels by time:
     D:1: 1293 daAuts
     D:2: 227 daAuts
